 Dungeon Crawl Stone Soup version 0.26-a0-34-g9e0bf03589 (webtiles) character file.

Game seed: 10195840734157840877, levelgen mode: deterministic

47 RaHiT the Skirmisher (level 3, -1/32 (33) HPs)
             Began as a Ghoul Monk on May 29, 2020.
             Slain by a gnoll
             ... wielding a +0 spear
              (7 damage)
             ... on level 2 of the Dungeon.
             The game lasted 00:03:57 (1236 turns).

RaHiT the Skirmisher (Ghoul Monk)                   Turns: 1236, Time: 00:03:57

HP:   -1/32 (33)    AC:  2    Str: 15    XL:     3   Next: 70%
MP:   2/2           EV: 12    Int:  5    God:
Gold: 100           SH:  3    Dex: 11    Spells: 2/2 levels left

rFire    . . .     SeeInvis .     - Unarmed
rCold    + . .     Gourm    .   d - +0 buckler
rNeg     + + +     Faith    .   a - +0 robe
rPois    ∞         Spirit   .   (no helmet)
rElec    .         Reflect  .   (no cloak)
rCorr    .         Harm     .   (no gloves)
MR       .....                  (no boots)
Stlth    ++........             (no amulet)
HPRegen  0.00/turn              (no ring)
MPRegen  0.08/turn              (no ring)

@: rotting
A: rotting body, claws 1, carnivore, cold resistance 1, negative energy
resistance 3, inhibited regeneration, torment resistance, unbreathing
a: no special abilities


You were on level 2 of the Dungeon.
You were not hungry.

You visited 1 branch of the dungeon, and saw 2 of its levels.

You collected 100 gold pieces.

Inventory:

Missiles
 c - 10 poisoned darts (quivered)
Armour
 a - a +0 robe (worn)
 d - a +0 buckler (worn)
Scrolls
 g - a scroll of magic mapping {unknown}
 k - 3 scrolls of immolation {unknown}
 l - a scroll of enchant weapon {unknown}
Potions
 e - a potion of curing {unknown}
 f - a potion of berserk rage {unknown}
 h - 2 potions of lignification {unknown}
 j - 2 potions of brilliance {unknown}
 m - a potion of flight {unknown}
Comestibles
 b - 2 rations


   Skills:
 + Level 3.7 Fighting
 - Level 1.0 Throwing
 + Level 1.1 Armour
 - Level 3.0 Dodging
 - Level 2.1 Stealth
 + Level 0.3 Shields
 + Level 3.6 Unarmed Combat


You had 2 spell levels left.
You didn't know any spells.
Your spell library was empty.

Dungeon Overview and Level Annotations

Branches:
Dungeon (2/15)

Altars:
Elyvilon
Wu Jian


Innate Abilities, Weirdness & Mutations

Your body is rotting away.
You thrive on raw meat.
You are immune to poison.
You have sharp fingernails.
You are carnivorous and can eat meat at any time.
Your flesh is cold resistant. (rC+)
You are immune to negative energy. (rN+++)
You do not regenerate when monsters are visible.
You are immune to unholy pain and torment.
You can survive without breathing.


Message History

The kobold hits you with a +0 dagger.
You claw the kobold!
You kill the kobold!
You see here a +0 dagger.
There isn't anything to butcher here.
Eat a chunk of flesh? (ye/n/q)
You eat the chunk of flesh.
This raw flesh tastes great!
The gnoll shouts!
You see here a stone.
The gnoll hits you with a +0 spear.
The gnoll hits you from afar with a +0 spear!
You closely miss the gnoll. You block the gnoll's attack.
The gnoll closely misses you.
You closely miss the gnoll.
You feel your flesh rotting away. The gnoll hits you with a +0 spear!
The gnoll closely misses you.
You scratch the gnoll but do no damage. The gnoll hits you with a +0 spear!
* * * LOW HITPOINT WARNING * * *
The gnoll hits you from afar with a +0 spear!
You die...

#.# #(.####### #####.#
#..# #.....# #).#
#.###.# #g.#
#####.##### #.g#
#.........### #..#
#.###.###.#.#####..#
#.###.###.#..g.g...#
#.#.##...##@#.#####.##
#......_....gg# #.#
#.#.##...##.#######.#
...#.###.###.#.......#
###
#.###.###.#[#######
#.........#.#
#####.#####.#
#.......# #########


You could see 2 gnolls.

Vanquished Creatures
  2 adders (D:2)
  A worm (D:2)
  A ball python (D:2)
  A giant cockroach (D:1)
  2 goblins (D:1)
  2 hobgoblins (D:1)
  4 jackals (D:1)
  3 bats
  3 frilled lizards
  5 kobolds
  A rat (D:2)
25 creatures vanquished.

Notes
Turn   | Place    | Note
-------+----------+-------------------------------------------
     0 | D:1      | RaHiT the Ghoul Monk began the quest for the Orb.
     0 | D:1      | Reached XP level 1. HP: 19/19 MP: 0/0
   461 | D:1      | Reached XP level 2. HP: 8/26 MP: 1/1
   889 | D:2      | Reached XP level 3. HP: 27/31 MP: 2/2
   964 | D:2      | Reached skill level 1 in Throwing
   986 | D:2      | Reached skill level 1 in Armour
   988 | D:2      | Found an ornate altar of the Wu Jian Council.
  1144 | D:2      | Found a white marble altar of Elyvilon.
  1236 | D:2      | Slain by a gnoll

Illustrated notes

Levels and vault maps discovered:
D:1:      dpeg_arrival_snail, layout_basic
D:2:      kennysheep_six_static_rooms, layout_loops_ring, marbit_many_paths,
          nicolae_overflow_crystal_walls, lemuel_round_altar

Skill      XL: |  1  2  3 |
---------------+----------+-----
Throwing       | 1 |  1.0
Armour         | 1 |  1.1
Dodging        | 3 |  3.0
Fighting       | |  3.7
Stealth        | |  2.1
Shields        | |  0.3
Unarmed Combat | |  3.6

Action                   || total
-------------------------++-------
Melee: Unarmed           ||    89
       Punch             ||     1
Throw: Dart              ||    17
  Use: Scroll            ||     2
 Stab: Distracted        ||     1
       Sleeping          ||     1
  Eat: Chunk             ||    13
Armor: Robe              ||     6
Dodge: Dodged            ||    55
Block: Buckler           ||     2

Table legend:
 A = Non-vault XP
 B = Vault XP
 C = Vault XP percentage of total XP
 D = Non-vault monster count
 E = Vault monster count
 F = Vault count percentage of total count
                 A         B        C        D         E       F
            +---------+---------+-------+---------+---------+-------
      Total |      52 |      16 |  23.5 |      23 |       2 |   8.0
            +---------+---------+-------+---------+---------+-------
        D:1 |      29 |       0 |   0.0 |      17 |       0 |   0.0
        D:2 |      23 |      16 |  41.0 |       6 |       2 |  25.0
            +---------+---------+-------+---------+---------+-------
